 Dungeon Crawl Stone Soup version 0.29-a0-8-g0446c0dae4 (webtiles) character file.

Game seed: 17839793357093405251

142 issech the Cudgeller (level 5, 0/52 HPs)
             Began as a Troll Monk on Jan 27, 2022.
             Slain by an ice beast (5 damage)
             ... on level 3 of the Dungeon.
             The game lasted 00:05:51 (1665 turns).

issech the Cudgeller (Troll Monk)                   Turns: 1665, Time: 00:05:51

Health: 0/52       AC:  4    Str: 19    XL:     5   Next: 4%
Magic:  4/4        EV: 10    Int:  6    God:
Gold:   45         SH:  0    Dex: 14    Spells: 4/4 levels left

rFire   . . .      SeeInvis .   a - +0 mace
rCold   . . .      Faith    .   (no shield)
rNeg    . . .      Spirit   .   b - +0 robe
rPois   .          Reflect  .   (helmet restricted)
rElec   .          Harm     .   (no cloak)
rCorr   .          Rampage  .   (gloves unavailable)
Will    .....                   (boots unavailable)
Stlth   ++........              (no amulet)
HPRegen 0.97/turn               (no ring)
MPRegen 0.09/turn               (no ring)

@: no status effects
A: large, unfitting armour, claws 3, regeneration 1, shaggy fur 1, tough skin 1
a: no special abilities


You were on level 3 of the Dungeon.
You visited 1 branch of the dungeon, and saw 3 of its levels.

You collected 45 gold pieces.

Inventory:

Hand Weapons
 a - a +0 mace (weapon)
 l - a +0 hunting sling
Missiles
 d - 34 stones (quivered)
 m - 14 bolts
 n - 12 poisoned darts
 q - 6 atropa-tipped darts
 r - 3 boomerangs
Armour
 b - a +0 robe (worn)
Scrolls
 c - 2 scrolls of identify {unknown}
 e - a scroll of silence {unknown}
 i - a scroll of noise {unknown}
 o - a scroll of magic mapping {unknown}
Potions
 f - 2 potions of degeneration {unknown}
 g - a potion of mutation {unknown}
 h - a potion of cancellation {unknown}
 j - a potion of heal wounds {unknown}
 k - 2 potions of attraction {unknown}
 p - a potion of flight {unknown}


   Skills:
 + Level 2.9 Fighting
 + Level 4.3 Maces & Flails
 + Level 3.1 Dodging
 + Level 1.1 Stealth


You had 4 spell levels left.
You didn't know any spells.
Your spell library contained the following spells:

 Spells                   Type           Power      Damage    Failure   Level
 Summon Small Mammal      Summ           0%         N/A       45%         1
 Call Canine Familiar     Summ           0%         N/A       83%         3
 Summon Guardian Golem    Hex/Summ       0%         N/A       83%         3


Dungeon Overview and Level Annotations

Branches:
Dungeon (3/15)

Altars:
Makhleb


Innate Abilities, Weirdness & Mutations

You are too large for most types of armour.
You have claws for hands.
Your natural rate of healing is unusually fast.
You are covered in fur. (AC +1)
You have tough skin. (AC +1)


Message History

Things that are here:
a +0 leather armour; a +0 hand axe
There is a stone staircase leading up, spattered with blood here.
Items here: ))) †.
The kobold hits you with a +0 dagger.
You climb upwards.
There is a stone staircase leading down here.
You barely miss the kobold.
The kobold is moderately wounded.
The kobold completely misses you. The kobold hits you with a +0 dagger.
You thump the kobold!
You kill the kobold!
Things that are here:
a +0 dagger; a kobold corpse You start resting.
HP restored.
There is a stone staircase leading down, spattered with blood here.
You climb downwards.
The ice beast hits you. The ice beast freezes you!
There is a stone staircase leading up, spattered with blood here.
Items here: ))) †.
You hit the ice beast.
The ice beast is lightly wounded.
The ice beast barely misses you. The ice beast hits you.
The ice beast freezes you!
You sock the ice beast!
The ice beast is heavily wounded.
The ice beast barely misses you.
You closely miss the ice beast.
The ice beast is heavily wounded.
The ice beast closely misses you.
You hit the ice beast.
The ice beast is heavily wounded.
The ice beast hits you. The ice beast freezes you!
You hit the ice beast.
The ice beast is severely wounded.
The ice beast hits you. The ice beast freezes you!
* * * LOW HITPOINT WARNING * * *
The ice beast hits you.
* * * LOW HITPOINT WARNING * * *
The ice beast freezes you.
You die...

#.... #...#
#.....#.#.#
......#.#.###
...........>#
#.#####.#.#.# #.#<#.#
#...#.# #Y....#
#####@..###
#.....[..# ..# #.#
#........# ..# #.#
#........# ..# #.#
#......†.#
..###.######........#
...##.##............#
.).##.##............#
...##.##......#######


You could see an ice beast.

Vanquished Creatures
  A hound (D:2)
  Jessica (D:2)
  A hound skeleton (D:3)
  A gnoll (D:1)
  An adder (D:3)
  A worm (D:2)
  2 dart slugs
  4 orcs (D:3)
  A bat (D:2)
  6 endoplasms
  A giant cockroach (D:1)
  7 goblins
  4 hobgoblins (D:2)
  A quokka (D:1)
  2 ball pythons
  3 frilled lizards
  3 kobolds
  2 rats (D:1)
42 creatures vanquished.

Notes
Turn   | Place    | Note
-------+----------+-------------------------------------------
     0 | D:1      | issech the Troll Monk began the quest for the Orb.
     0 | D:1      | Reached XP level 1. HP: 22/22 MP: 0/0
   131 | D:1      | Reached XP level 2. HP: 28/29 MP: 1/1
   185 | D:1      | Reached skill level 3 in Maces & Flails
   423 | D:1      | Found a faded altar of an unknown god.
   584 | D:2      | Reached XP level 3. HP: 25/36 MP: 2/2
   621 | D:2      | Found a burning altar of Makhleb.
   742 | D:2      | Noticed Jessica
   750 | D:2      | Killed Jessica
   823 | D:2      | Reached XP level 4. HP: 44/44 MP: 3/3
  1502 | D:3      | Reached skill level 4 in Maces & Flails
  1596 | D:3      | Reached XP level 5. HP: 52/52 MP: 4/4
  1619 | D:3      | Noticed an ice beast
  1665 | D:3      | Slain by an ice beast

Illustrated notes

Levels and vault maps discovered:
D:1:      wander_arrival_fairy_ring, layout_basic, ebering_ecumenical_altar_hall
D:2:      layout_basic, serial_glass, glass_columns_a, glass_columns_a,
          basic_altar, uniq_jessica
D:3:      layout_basic, minmay_misc_feat_iff, kennysheep_crisscross

Skill      XL: |  1  2  3  4 |
---------------+-------------+-----
Maces & Flails | 3 4 |  4.3
Dodging        | 3 |  3.1
Fighting       | |  2.9
Stealth        | |  1.1

Action                   |  1- 3 |  4- 6 || total
-------------------------+-------+-------++-------
Melee: Mace              |    79 |    73 ||   152
 Stab: Sleeping          |     1 |       ||     1
Armor: Robe              |    30 |    27 ||    57
Dodge: Dodged            |    54 |    47 ||   101

Table legend: (Time is in decaauts)
 A = Elapsed time spent in this place.
 B = Non-inter-level travel time spent in this place.
 C = Inter-level travel time spent in this place.
 D = Time resting spent in this place.
 E = Time spent auto-exploring this place.
 F = Levels seen in this place.
 G = Mean time per level.
                   A        B        C        D        E       F      G
               +--------+--------+--------+--------+--------+-----+--------+
         Total |   1701 |   1676 |     25 |     16 |    727 |   3 |  567.0 |
       Dungeon |   1701 |   1676 |     25 |     16 |    727 |   3 |  567.0 |
               +--------+--------+--------+--------+--------+-----+--------+

Top non-repeatable levels by time:
     D:2: 938 daAuts
     D:1: 582 daAuts
     D:3: 180 daAuts
